 Dungeon Crawl Stone Soup version 0.25-a0-566-g062765be81 (webtiles) character file.

Game seed: 4659606847697056386, levelgen mode: deterministic

2590 drasked the Arsonist (level 9, -2/45 HPs)
             Began as a Deep Elf Fire Elementalist on Feb 28, 2020.
             Slain by a sky beast (5 damage)
             ... on level 7 of the Dungeon.
             The game lasted 00:24:35 (8276 turns).

drasked the Arsonist (Deep Elf Fire Elementalist)   Turns: 8276, Time: 00:24:35

Health: -2/45      AC:  6    Str:  5    XL:     9   Next: 33%
Magic:  0/15       EV: 13    Int: 24    God:
Gold:   211        SH:  7    Dex: 15    Spells: 4/14 levels left

rFire    . . .     SeeInvis .   y - +1 dagger (venom)
rCold    . . .     Gourm    .   p - +2 buckler
rNeg     . . .     Faith    .   a - +0 robe
rPois    .         Spirit   +   u - +2 hat
rElec    .         Reflect  .   (no cloak)
rCorr    .         Harm     .   w - +0 pair of gloves
MR       .....                  x - +0 pair of boots
Stlth    ++........             G - amulet of guardian spirit {SpiritSpirit}
HPRegen  0.15/turn              (no ring)
MPRegen  0.14/turn              (no ring)

@: no status effects
A: no striking features
a: no special abilities


You were on level 7 of the Dungeon.
You were hungry.

You visited 1 branch of the dungeon, and saw 7 of its levels.

You collected 295 gold pieces.
You spent 84 gold pieces at shops.

Inventory:

Hand Weapons
 y - a +1 dagger of venom (weapon)
   (You took it off Duvessa on level 5 of the Dungeon)
Armour
 a - a +0 robe (worn)
 p - a +2 buckler (worn)
   (You found it on level 3 of the Dungeon)
 u - a +2 hat (worn)
   (You found it on level 3 of the Dungeon)
 w - a +0 pair of gloves (worn)
   (You found it on level 4 of the Dungeon)
 x - a +0 pair of boots (worn)
   (You found it on level 5 of the Dungeon)
Jewellery
 G - an amulet of guardian spirit (around neck) {SpiritSpirit}
   (You found it on level 3 of the Dungeon)
Wands
 m - a wand of paralysis (6)
   (You found it on level 2 of the Dungeon)
 n - a wand of flame (18)
   (You found it on level 3 of the Dungeon)
 r - a wand of enslavement (8)
   (You took it off Ijyb on level 5 of the Dungeon)
Scrolls
 b - a scroll of fog {unknown}
 c - 2 scrolls of random uselessness {unknown}
 d - 2 scrolls of magic mapping {unknown}
 g - 2 scrolls of enchant weapon {unknown}
 i - a scroll of identify
 j - 5 scrolls of remove curse {unknown}
 k - a scroll of immolation {unknown}
 o - a scroll of enchant armour {unknown}
Potions
 f - a potion of stabbing
 h - a potion of magic
 l - a potion of heal wounds
 s - a potion of lignification {!q!q}
 v - a potion of brilliance
Comestibles
 e - 14 rations


   Skills:
 - Level 2.4 Dodging
 - Level 2.4 Stealth
 - Level 4.1 Shields
 - Level 3.0 Spellcasting
 + Level 9.3 Conjurations
 + Level 9.3 Fire Magic


You had 4 spell levels left.
You knew the following spells:

 Your Spells              Type           Power        Failure   Level  Hunger
a - Foxfire               Conj/Fire      ####         1%          1    None
f - Fireball              Conj/Fire      #####.....   6%          5    ######.
s - Sticky Flame          Conj/Fire      #####...     2%          4    ####...

Your spell library contained the following spells:

 Spells                   Type           Power        Failure   Level  Hunger
 Conjure Flame            Conj/Fire      #####...     1%          3    ###....
 Inner Flame              Hex/Fire       ####....     4%          3    ###....
 Confusing Touch          Hex            #.......     32%         3    ###....
 Gell's Gravitas          Tloc           #.........   32%         3    ###....
 Petrify                  Tmut/Erth      #.......     71%         4    ####...
 Metabolic Englaciation   Hex/Ice        #.........   96%         5    ######.
 Yara's Violent Unravell  Hex/Tmut       #.........   96%         5    ######.


Dungeon Overview and Level Annotations

Branches:
Dungeon (7/15)
 Temple: D:4-7

Altars:
Elyvilon

Shops:
D:4 !

Annotations:
D:4 2 transporters, DEFE's ghost, amateur DsWn
D:6 Maggie


Message History

Found a stone staircase leading down.
There is a stone staircase leading up here.
You conjure some foxfire!
* * * LOW MAGIC WARNING * * *
The foxfire hits the worker ant.
The worker ant twitches its antennae in your direction.
The foxfire hits the worker ant.
You conjure some foxfire!
* * * LOW MAGIC WARNING * * *
The foxfire hits the worker ant! x2
You kill the worker ant!
You see here a worker ant corpse.
You butcher the worker ant corpse.
f - a chunk of flesh {@w0}
There is a stone staircase leading up here.
You start resting.
Eating a chunk of flesh {@w0}.
You eat the chunk of flesh {@w0}.
You are feeling hungry.
You start resting.
You start resting.
A leopard gecko skeleton comes into view.
You conjure some foxfire!
The foxfire hits the leopard gecko skeleton. x2
You conjure some foxfire!
The foxfire hits the leopard gecko skeleton.
You destroy the leopard gecko skeleton!
Unknown command.
You start resting.
You start resting.
f - a ruby potion
There is a stone staircase leading up here.
There is a stone staircase leading up here.
As you read the scroll of identify, it crumbles to dust.
f - a potion of stabbing A howler monkey comes into view.
You conjure some foxfire!
You conjure some foxfire!
You conjure some foxfire!
The foxfire hits the howler monkey.
The howler monkey howls!
A worker ant comes into view.
There is a stone staircase leading up here.
You conjure some foxfire!
A sky beast comes into view.
The foxfire hits the worker ant!
The foxfire hits the howler monkey.
The howler monkey hits you.
You conjure some foxfire!
The howler monkey hits you but does no damage.
You block the worker ant's attack. The howler monkey hits you.
The worker ant completely misses you.
The foxfire hits the howler monkey but does no damage.
The foxfire hits the howler monkey!
The howler monkey hoots and howls with incredible vigour!
The worker ant bites you.
You hear a shout! x6
You conjure some foxfire!
You block the howler monkey's attack. The worker ant closely misses you.
The foxfire hits the howler monkey.
You kill the howler monkey!
The foxfire hits the worker ant.
The worker ant misses you.
You conjure some foxfire!
The worker ant completely misses you.
The sky beast flickers out of sight!
Deactivating autopickup; reactivate with Ctrl-A.
The foxfire hits something. x2; The worker ant bites you.
Something hits you. Something shocks you. You block the worker ant's attack.
You conjure some foxfire!
The worker ant barely misses you. Something hits you but does no damage.
The foxfire hits something but does no damage. x2
An orc comes into view.
The worker ant barely misses you. Something barely misses you.
You conjure some foxfire!
The worker ant bites you. Something hits you. Something shocks you.
* * * LOW MAGIC WARNING * * *;
* * * LOW HITPOINT WARNING * * *
The foxfire hits something. x2; You block the worker ant's attack.
Something hits you.
* * * LOW HITPOINT WARNING * * *
Something shocks you.
* * * LOW HITPOINT WARNING * * *
You conjure some foxfire!
* * * LOW MAGIC WARNING * * *
The worker ant bites you!
* * * LOW MAGIC WARNING * * *;
* * * LOW HITPOINT WARNING * * *
You are poisoned.
The worker ant poisons you! Something hits you but does no damage.
The worker ant barely misses you.
You feel sick.
The foxfire hits something. x2
An orc comes into view.
It is wielding a +0 mace and wearing a +2 chain mail of poison resistance.
The worker ant closely misses you. Something hits you.
* * * LOW HITPOINT WARNING * * *
Something shocks you.
* * * LOW MAGIC WARNING * * *;
* * * LOW HITPOINT WARNING * * *
You feel better.
The orc shouts!
The worker ant barely misses you. Something hits you.
* * * LOW HITPOINT WARNING * * *
Something shocks you.
* * * LOW HITPOINT WARNING * * *
The worker ant bites you.
* * * LOW MAGIC WARNING * * *;
* * * LOW HITPOINT WARNING * * *
Something hits you.
You die...

#..........#
...##..........#.
................
##. #............
#..##...........
. ##............#
..#......o.....#
......#..{@..#
....(o...a..##
.............#
..>.#.......#
a.....#.##..##
....#####......
... #.###... ..
#. #.. ..


You could see a worker ant and 2 orcs.

Levels and vault maps discovered:
D:1:      evilmike_arrival_plus, layout_basic
D:2:      layout_rooms
D:3:      layout_loops_ring, kennysheep_generic_room_6
D:4:      layout_cave_pools, serial_shops, shop, gammafunk_ghost_gnarly_gnolls,
          first_ration, minmay_divided_ellipse, uniq_sigmund
D:5:      layout_basic, lemuel_flamethrower_2, uniq_prince_ribbit1,
          uniq_blork_the_orc, uniq_duvessa, uniq_ijyb, uniq_grinder,
          uniq_menkaure
D:6:      layout_loops_ring, nicolae_overflow_crystal_walls, temple_green,
          chequers_serial_rivers_micro_b, uniq_maggie
D:7:      layout_cave_pools, eat_drink_and_be_merry_uskayaw,
          lemuel_zombie_altar_kikubaaqudgha, lemuel_altar_in_water

Notes
Turn   | Place    | Note
-------+----------+-------------------------------------------
     0 | D:1      | drasked the Deep Elf Fire Elementalist began the quest for
                  | the Orb.
     0 | D:1      | Reached XP level 1. HP: 10/10 MP: 6/6
   121 | D:1      | Identified a +0 dagger
   151 | D:1      | Identified a +0 club
   281 | D:1      | Reached XP level 2. HP: 15/15 MP: 5/8
   456 | D:1      | Identified a +0 club
   525 | D:1      | Identified a +0 club
   527 | D:1      | Reached skill level 2 in Conjurations
   921 | D:2      | Identified a +0 club
   921 | D:2      | Identified a +0 robe
   936 | D:2      | Reached skill level 4 in Fire Magic
   943 | D:2      | Reached XP level 3. HP: 16/19 MP: 3/9
  1007 | D:2      | Identified a +0 short sword
  1525 | D:3      | Identified a +0 club
  1590 | D:3      | Identified a +0 dagger
  1634 | D:3      | Identified a +0 club
  1635 | D:3      | Identified a +0 club
  1637 | D:3      | Identified a +0 club
  1641 | D:3      | Reached skill level 3 in Conjurations
  1641 | D:3      | Reached XP level 4. HP: 10/24 MP: 5/10
  1646 | D:3      | Identified a +0 chain mail
  1648 | D:3      | Identified a +0 flail
  1648 | D:3      | Identified a +0 scale mail
  1652 | D:3      | Identified a +0 dagger
  1654 | D:3      | Identified a +0 leather armour
  1656 | D:3      | Identified a cursed -2 hand axe
  1975 | D:3      | Identified a +0 flail
  1975 | D:3      | Identified a +0 scale mail
  2091 | D:3      | Identified an uncursed ring of flight
  2133 | D:3      | Identified a +0 whip
  2151 | D:3      | Identified a +0 ring mail
  2152 | D:3      | Identified a +0 dagger
  2152 | D:3      | Identified a +0 robe
  2152 | D:3      | Identified a +0 club
  2171 | D:3      | HP: 6/24 [bat (1)]
  2172 | D:3      | Reached skill level 5 in Fire Magic
  2172 | D:3      | Reached XP level 5. HP: 7/28 MP: 1/11
  2412 | D:3      | Identified a +2 buckler (You found it on level 3 of the
                  | Dungeon)
  2707 | D:3      | Identified a cursed -1 club
  2707 | D:3      | Identified a +0 dagger
  2707 | D:3      | Identified a +0 flail
  2707 | D:3      | Identified a +0 dagger
  2707 | D:3      | Identified a +0 robe
  2718 | D:3      | Identified a +0 flail
  2723 | D:3      | Reached skill level 4 in Conjurations
  2732 | D:3      | Reached skill level 1 in Shields
  2735 | D:3      | HP: 6/28 [orc wizard/+0 dagger (3)]
  2974 | D:3      | Identified an amulet of guardian spirit (You found it on
                  | level 3 of the Dungeon)
  2980 | D:3      | Identified a +2 hat (You found it on level 3 of the
                  | Dungeon)
  3246 | D:4      | Identified a +0 hand axe
  3246 | D:4      | Identified a +4 scythe of freezing
  3246 | D:4      | Identified a +0 robe
  3246 | D:4      | Noticed Sigmund
  3250 | D:4      | Identified a +0 ring mail
  3348 | D:4      | Identified a +0 hand axe
  3356 | D:3      | Identified 2 potions of curing
  3360 | D:3      | Reached XP level 6. HP: 13/32 MP: 1/12
  3596 | D:3      | Identified 4 scrolls of teleportation
  3660 | D:4      | Reached skill level 2 in Shields
  3660 | D:4      | Reached skill level 5 in Conjurations
  3710 | D:4      | Noticed an ice beast
  3895 | D:4      | Identified a +0 flail
  3895 | D:4      | Identified a +0 leather armour
  3899 | D:4      | Identified a +0 hand axe
  3946 | D:3      | Killed an ice beast
  3946 | D:3      | Reached skill level 3 in Shields
  4110 | D:4      | Identified a +0 dagger
  4110 | D:4      | Identified a +0 robe
  4293 | D:4      | Found Apriruer's Distillery.
  4302 | D:4      | Reached XP level 7. HP: 36/36 MP: 10/13
  4308 | D:4      | Learned a level 4 spell: Sticky Flame
  4314 | D:4      | Learned a level 5 spell: Fireball
  4321 | D:4      | Reached skill level 4 in Shields
  4371 | D:4      | Bought a potion of heal wounds for 70 gold pieces
  4371 | D:4      | Bought a potion of degeneration for 14 gold pieces
  4485 | D:4      | Killed Sigmund
  4574 | D:4      | Identified a +0 giant club
  4582 | D:4      | Reached skill level 6 in Conjurations
  4582 | D:4      | Reached skill level 6 in Fire Magic
  4888 | D:4      | Identified a +0 leather armour
  4888 | D:4      | Identified a cursed -6 ring of evasion
  4892 | D:4      | Found a transporter.
  5061 | D:4      | Identified a +1 halberd of chaos
  5063 | D:4      | Found a transporter.
  5063 | D:4      | Identified a +2 halberd of venom
  5063 | D:4      | Identified a +0 flail
  5063 | D:4      | Noticed DEFE's ghost (amateur DsWn)
  5064 | D:4      | Identified a +0 club
  5064 | D:4      | Identified a +0 spear
  5193 | D:4      | Identified a +0 pair of gloves (You found it on level 4 of
                  | the Dungeon)
  5193 | D:4      | Identified 4 scrolls of identify
  5193 | D:4      | Identified a potion of brilliance
  5194 | D:4      | Identified a potion of lignification
  5195 | D:4      | Identified a potion of magic
  5226 | D:5      | Entered Level 5 of the Dungeon
  5318 | D:5      | Reached XP level 8. HP: 41/41 MP: 12/14
  5464 | D:5      | Killed Dowan
  5492 | D:5      | Identified a +1 dagger of venom
  5492 | D:5      | Identified a +0 ring mail
  5492 | D:5      | Noticed Duvessa
  5516 | D:5      | HP: 9/41 [poisoned by Duvessa]
  5517 | D:5      | Killed Duvessa
  5534 | D:5      | Identified a +0 pair of boots (You found it on level 5 of
                  | the Dungeon)
  5854 | D:5      | Noticed Prince Ribbit
  6153 | D:5      | Killed Prince Ribbit
  6153 | D:5      | Reached skill level 7 in Conjurations
  6153 | D:5      | Reached skill level 7 in Fire Magic
  6212 | D:5      | Noticed Grinder
  6223 | D:5      | Paralysed by Grinder for 7 turns
  6235 | D:5      | Killed Grinder
  6237 | D:5      | HP: 7/41 [centaur skeleton (4)]
  6392 | D:5      | Identified a +0 spear
  6504 | D:5      | Identified a +0 leather armour
  6504 | D:5      | Noticed Ijyb
  6521 | D:5      | Reached skill level 8 in Fire Magic
  6531 | D:5      | Reached skill level 8 in Conjurations
  6679 | D:5      | Killed Ijyb
  6850 | D:5      | Noticed Menkaure
  6852 | D:5      | Killed Menkaure
  7054 | D:5      | Identified a +0 dire flail
  7054 | D:5      | Identified a +0 robe
  7054 | D:5      | Noticed Blork the orc
  7065 | D:5      | Killed Blork the orc
  7065 | D:5      | Reached XP level 9. HP: 41/45 MP: 9/15
  7275 | D:6      | Identified a +0 shortbow
  7521 | D:6      | Identified a +0 scimitar
  7521 | D:6      | Identified a +0 chain mail
  7521 | D:6      | Identified a +0 dagger
  7538 | D:6      | Identified a +1 whip of electrocution
  7541 | D:6      | Reached skill level 9 in Conjurations
  7541 | D:6      | Reached skill level 9 in Fire Magic
  7639 | D:6      | Found a white marble altar of Elyvilon.
  7644 | D:6      | Identified a +1 war axe of flaming
  7644 | D:6      | Identified +0 steam dragon scales
  7644 | D:6      | Noticed Maggie
  7838 | D:6      | HP: 8/45 [Maggie/bolt of fire (29)]
  8245 | D:7      | Identified a potion of stabbing
  8273 | D:7      | HP: 10/45 [worker ant (6)]
  8274 | D:7      | Identified a +0 mace
  8274 | D:7      | Identified a +2 chain mail of poison resistance
  8274 | D:7      | HP: 4/45 [something (4)]
  8276 | D:7      | Slain by a sky beast

Table legend:
 A = Turns spent in this place as a percentage of turns spent in the entire game.
 B = Non-inter-level travel turns spent in this place as a percentage of non-inter-level travel turns spent in the entire game.
 C = Inter-level travel turns spent in this place as a percentage of turns spent in this place.
 D = Turns resting spent in this place as a percentage of non-inter-level travel turns spent in this place.
 E = Turns spent auto-exploring this place as a percentage of non-inter-level travel turns spent in this place.
 F = Non-inter-level travel turns spent in this place divided by the number of levels of this place that you've seen.
                   A       B       C       D       E      F
               +-------+-------+-------+-------+-------+----------------------
         Total | 100.0 | 100.0 |   3.2 |  47.4 |  32.6 | 1145.0
       Dungeon | 100.0 | 100.0 |   3.2 |  47.4 |  32.6 | 1145.0
               +-------+-------+-------+-------+-------+----------------------

Table legend:
 A = Kills in this place as a percentage of kills in entire the game.
 B = Kills by you in this place as a percentage of kills by you in the entire game.
 C = Kills by friends in this place as a percentage of kills by friends in the entire game.
 D = Other kills in this place as a percentage of other kills in the entire game.
 E = Experience gained in this place as a percentage of experience gained in the entire game.
 F = Experience gained in this place divided by the number of levels of this place that you have seen.
                   A       B       C       D       E      F
               +-------+-------+-------+-------+-------+----------------------
         Total | 100.0 | 100.0 |   N/A |   N/A | 100.0 | 528.7
       Dungeon | 100.0 | 100.0 |   N/A |   N/A | 100.0 | 528.7
               +-------+-------+-------+-------+-------+----------------------

Skill      XL: |  1  2  3  4  5  6  7  8  9 |
---------------+----------------------------+-----
Conjurations   | 2 3 4 5 6 8 9 |  9.3
Fire Magic     | 4 5 6 8 9 |  9.3
Shields        | 1 3 4 |  4.1
Dodging        | |  2.4
Stealth        | |  2.4
Spellcasting   | |  3.0

Action                   |  1- 3 |  4- 6 |  7- 9 || total
-------------------------+-------+-------+-------++-------
Melee: Dagger            |       |       |     6 ||     6
 Cast: Foxfire           |    74 |    89 |   150 ||   313
       Fireball          |       |       |    11 ||    11
       Sticky Flame      |       |       |     2 ||     2
Evoke: Wand              |       |     1 |     5 ||     6
  Use: Potion            |       |     1 |     4 ||     5
       Scroll            |       |     1 |     7 ||     8
 Stab: Paralysed         |       |       |     5 ||     5
  Eat: Chunk             |     2 |     8 |    12 ||    22
       Ration            |       |       |     1 ||     1
Armor: Robe              |     3 |    16 |    25 ||    44
Dodge: Dodged            |    12 |    51 |    46 ||   109
Block: Buckler           |       |    20 |    40 ||    60

Vanquished Creatures
  Grinder (D:5)
  Prince Ribbit (D:5)
  Sigmund (D:4)
  Menkaure (D:5)
  Duvessa (D:5)
  An orc warrior (D:6)
  2 sky beasts (D:6)
  An ice beast (D:3)
  An ogre (D:4)
  A centaur (D:6)
  Blork the orc (D:5)
  2 bullfrogs
  6 howler monkeys
  A bullfrog zombie (D:6)
  A crimson imp (D:5)
  2 hounds (D:5)
  A centaur skeleton (D:5)
  3 orc priests
  A jelly (D:5)
  Ijyb (D:5)
  An iguana (D:4)
  3 orc wizards
  12 worker ants
  3 gnolls (D:5)
  3 adders
  A shadow imp (D:5)
  2 oozes
  A worm (D:2)
  4 leopard geckos
  23 orcs
  12 bats
  11 giant cockroaches
  7 hobgoblins
  4 jackals (D:4)
  3 kobolds
  3 quokkas
  2 ball pythons
  3 frilled lizards
  9 goblins
  A jackal zombie (D:6)
  A leopard gecko skeleton (D:7)
  7 rats
146 creatures vanquished.

Vanquished Creatures (others)
  Dowan (D:5)
  A centaur zombie (D:5)
  525 foxfires
  6 plants (D:4)
533 creatures vanquished.

Grand Total: 679 creatures vanquished
